 Dungeon Crawl Stone Soup version 0.21-a0-504-g2eda330 (webtiles) character file.

19669 Dorkslayer the Cleaver (level 12, -2/75 HPs)
             Began as a Gargoyle Fighter on Nov 26, 2017.
             Was an Elder of the Shining One.
             Killed by divine providence
             ... invoked by an orc priest
              (18 damage)
             ... on level 2 of the Orcish Mines.
             The game lasted 00:50:13 (10825 turns).

Dorkslayer the Cleaver (Gargoyle Fighter)          Turns: 10825, Time: 00:50:13

Health: -2/75      AC: 26    Str: 22    XL:     12   Next: 71%
Magic:  16/16      EV: 15    Int: 14    God:    the Shining One [****..]
Gold:   771        SH: 12    Dex: 10    Spells: 11/11 levels left

rFire    + + .     SeeInvis .   a - +0 war axe (venom)
rCold    . . .     Gourm    .   c - +1 shield
rNeg     + + +     Faith    .   x - +2 chain mail {rF+}
rPois    ∞         Spirit   .   y - +0 helmet
rElec    +         Reflect  .   u - +0 cloak
rCorr    +         Harm     +   (no gloves)
MR       +....                  o - +0 pair of boots of Duck's Teeth {rF+ rCorr Int+3}
Stlth    ..........             e - amulet of harm
HPRegen  0.22/turn              j - +6 ring of evasion
MPRegen  0.15/turn              r - ring of protection from magic

@: glowing
A: negative energy resistance 1, electricity resistance, unbreathing,
petrification resistance, rot immunity, AC +8
a: Divine Shield, Cleansing Flame, Renounce Religion


You were on level 2 of the Orcish Mines.
You worshipped the Shining One.
The Shining One was greatly pleased with you.
You were not hungry.

You visited 3 branches of the dungeon, and saw 14 of its levels.
You also visited: Ice Cave.

You collected 1378 gold pieces.
You spent 607 gold pieces at shops.

Inventory:

Hand Weapons
 a - a +0 war axe of venom (weapon)
 i - the +6 halberd "Kurefaef" {holy, Int+3}
   (You found it in an ice cave)

   It has been blessed by the Shining One to cause great damage to the undead
   and demons.
   It affects your intelligence (+3).
Missiles
 n - 28 tomahawks (quivered)
Armour
 c - a +1 shield (worn)
 o - the +0 pair of boots of Duck's Teeth (worn) {rF+ rCorr Int+3}
   (You acquired it on level 9 of the Dungeon)

   It affects your intelligence (+3).
   It protects you from fire.
   It protects you from acid and corrosion.
 u - a +0 cloak (worn)
 x - a +2 chain mail of fire resistance (worn)
 y - a +0 helmet (worn)
Jewellery
 d - an uncursed ring of protection from cold
 e - an amulet of harm (around neck)
 j - a +6 ring of evasion (left hand)
 r - a ring of protection from magic (right hand)
 t - an uncursed ring of resist corrosion
Wands
 l - a wand of enslavement (12)
 q - a wand of polymorph (13)
Scrolls
 b - 9 scrolls of remove curse
 k - a scroll of magic mapping
 m - 2 scrolls of blinking
 s - 10 scrolls of teleportation
 v - 7 scrolls of enchant armour
 A - 2 scrolls of immolation
 E - a scroll of fear
Potions
 h - 2 potions of flight
 B - 2 potions of magic
 D - 3 potions of curing
 F - a potion of might
Comestibles
 f - 8 bread rations
 g - 10 meat rations
 p - 12 chunks of flesh
 C - a royal jelly


   Skills:
 + Level 8.4 Fighting
 + Level 10.8 Axes
 + Level 2.4 Throwing
 + Level 9.1 Armour
 + Level 6.6 Dodging
 + Level 9.2 Shields
 * Level 3.5 Invocations
 + Level 6.1 Evocations


You had 11 spell levels left.
You didn't know any spells.

Dungeon Overview and Level Annotations

Branches:
Dungeon (11/15)            Temple (1/1) D:5            Lair (0/6) D:10
    Orc (2/2) D:10
    Elf: Orc:2

Altars:
Ashenzari
Cheibriados
Dithmenos
Elyvilon
Fedhas
Gozag
Hepliaklqana
Makhleb
Nemelex Xobeh
Okawaru
Qazlal
Ru
Sif Muna
Trog
Uskayaw
Vehumet
Wu Jian
Zin
The Shining One

Shops:
D:5 *?   D:9 ?   Orc:2 (


Innate Abilities, Weirdness & Mutations

You are resistant to torment.
Your stone body is resilient. (AC +8)
You are immune to poison.
You resist negative energy. (rN+)
You are resistant to electric shocks. (rElec)
You can survive without breathing.
You are immune to petrification.
You are immune to rotting.


Message History

Items here: )) [ ÷ a plate armour; a long sword of electrocution; a hand axe; an orc skeleton Your chain mail prevents you from hitting the orc priest.
The orc priest hits you but does no damage.
Your chain mail prevents you from hitting the orc priest.
The orc priest hits you with a flail.
* * * LOW HITPOINT WARNING * * *
You barely miss the orc priest.
The orc priest hits you but does no damage.
Your shield and chain mail prevent you from hitting the orc priest.
You closely miss the orc priest. You block the orc priest's attack.
You slash the orc priest!
The orc priest is severely wounded.
The orc priest closely misses you.
You hit the orc priest but do no damage.
The orc priest is poisoned.
The orc priest is severely wounded.
The orc priest invokes the aid of Beogh against you.
Beogh smites you!
You die...

#......#...........
##.....##...........
##))[).###.......#...
##..<)).##............
#...)#[(.#..........#
##.##.))(...........#
### #...)).....#....<.
##.#
##.#.)...######...
#...######@.(.# ..
#...#$###o...#.##
##............(..#
...........#.#...(
........(.###....(
.........## ##...
#.........# .#
...........# #
.......o..##


You could see an orc priest.

Vanquished Creatures
  A frost giant (IceCv)
  The ghost of Dorkslayer the Blocker, a journeyman GrFi of the Shining One (Orc:2)
  A two-headed ogre (D:8)
  The ghost of NoRagrets the Carver, a novice FoFi of Okawaru (D:7)
  A death yak (IceCv)
  The ghost of NoRagrets the Chopper, a novice FoFi (D:5)
  2 orc knights
  Psyche (D:10)
  An ice statue (IceCv)
  A rime drake (IceCv)
  12 polar bears (IceCv)
  Grinder (D:3)
  2 hornets (D:10)
  2 trolls
  A hippogriff (D:11)
  20 yaks
  A wyvern (D:10)
  Grum (D:11)
  A hungry ghost (D:10)
  2 water moccasins (D:9)
  A black bear (D:11)
  11 orc warriors
  A phantom (D:4)
  2 sky beasts
  A necrophage (D:9)
  6 ogres
  3 centaurs
  16 wolves
  6 bullfrogs
  Blork the orc (D:6)
  A water moccasin zombie (D:6)
  6 scorpions
  4 wights (D:9)
  3 crimson imps
  2 howler monkeys (D:8)
  2 bullfrog zombies (D:6)
  4 hounds
  A jelly (D:6)
  12 orc wizards
  16 orc priests
  A bullfrog skeleton (D:11)
  4 iguanas
  4 worker ants
  A killer bee zombie (D:8)
  A hound skeleton (D:10)
  2 worker ant zombies
  4 gnolls
  A howler monkey skeleton (D:3)
  17 adders
  4 shadow imps
  4 oozes
  An adder zombie (D:6)
  5 adder skeletons
  2 worms
  4 dart slugs
  4 leopard geckos
  60 orcs
  7 bats
  4 giant cockroaches
  11 goblins
  6 hobgoblins
  8 jackals
  10 kobolds
  9 quokkas
  3 ball pythons
  2 frilled lizards (D:1)
  A quokka skeleton (D:7)
  9 rats
  4 plants (D:5)
346 creatures vanquished.

Vanquished Creatures (collateral kills)
  4 orc warriors
  An orc priest (Orc:2)
  7 orcs
12 creatures vanquished.

Vanquished Creatures (others)
  A yak (IceCv)
  A wolf (IceCv)
  2 ogres
  2 orc wizards
  An orc priest (Orc:1)
  2 orcs (Orc:1)
9 creatures vanquished.

Grand Total: 367 creatures vanquished

Notes
Turn   | Place    | Note
-------+----------+-------------------------------------------
     0 | D:1      | Dorkslayer the Gargoyle Fighter began the quest for the Orb.
     0 | D:1      | Reached XP level 1. HP: 14/14 MP: 1/1
    49 | D:1      | Reached XP level 2. HP: 19/19 MP: 2/2
   200 | D:1      | Reached skill level 2 in Axes
   201 | D:1      | Reached XP level 3. HP: 19/23 MP: 3/3
   337 | D:1      | Reached skill level 1 in Throwing
   542 | D:1      | Reached skill level 1 in Dodging
   545 | D:1      | Reached XP level 4. HP: 28/28 MP: 4/4
   973 | D:2      | Found a hazy altar of Hepliaklqana.
   983 | D:2      | Found an opulent altar of Gozag.
  1271 | D:2      | Reached XP level 5. HP: 33/33 MP: 5/5
  1487 | D:2      | Found a shattered altar of Ashenzari.
  1544 | D:2      | You fall through a shaft!
  1676 | D:3      | Found a sacrificial altar of Ru.
  1721 | D:3      | Noticed Grinder
  1746 | D:3      | Paralysed by something for 2 turns
  1769 | D:3      | Paralysed by something for 5 turns
  1929 | D:3      | Reached skill level 3 in Axes
  2183 | D:3      | Paralysed by Grinder for 4 turns
  2192 | D:3      | Paralysed by Grinder for 6 turns
  2212 | D:3      | Paralysed by something for 5 turns
  2232 | D:3      | Killed Grinder
  2232 | D:3      | Reached XP level 6. HP: 22/38 MP: 5/7
  2601 | D:4      | Reached XP level 7. HP: 43/43 MP: 8/8
  2627 | D:4      | Reached skill level 4 in Axes
  2836 | D:4      | Found a hide-covered altar of Uskayaw.
  2841 | D:4      | Reached XP level 8. HP: 36/48 MP: 9/9
  2911 | D:4      | Reached skill level 5 in Axes
  3033 | D:4      | Found a radiant altar of Vehumet.
  3249 | D:5      | Entered Level 5 of the Dungeon
  3282 | D:5      | Reached skill level 5 in Shields
  3321 | D:5      | Found Selomne's General Store.
  3325 | D:5      | Bought a scroll of brand weapon for 220 gold pieces
  3325 | D:5      | Bought a scroll of identify for 22 gold pieces
  3594 | D:5      | Found a staircase to the Ecumenical Temple.
  3605 | D:5      | Noticed NoRagrets's ghost (novice FoFi)
  3637 | D:5      | Killed NoRagrets's ghost
  3637 | D:5      | Reached skill level 5 in Fighting
  3637 | D:5      | Reached skill level 6 in Axes
  3654 | Temple   | Entered the Ecumenical Temple
  3658 | Temple   | Became a worshipper of the Shining One
  3680 | D:5      | Reached XP level 9. HP: 54/54 MP: 10/10
  3969 | D:5      | Found Vaad's Magic Scroll Boutique.
  3992 | D:5      | Bought a scroll of identify for 24 gold pieces
  3992 | D:5      | Bought a scroll of magic mapping for 42 gold pieces
  4083 | D:5      | You fall through a shaft for 2 floors!
  4190 | D:7      | Reached skill level 5 in Armour
  4314 | D:6      | Reached * piety under the Shining One
  4702 | D:5      | Bought a scroll of identify for 24 gold pieces
  4702 | D:5      | Bought a scroll of remove curse for 36 gold pieces
  5021 | D:5      | Bought a scroll of enchant armour for 90 gold pieces
  5313 | D:6      | Noticed Blork the orc
  5320 | D:6      | Killed Blork the orc
  5320 | D:6      | Reached skill level 7 in Axes
  5530 | D:7      | Found a deep blue altar of Sif Muna.
  5530 | D:7      | Noticed NoRagrets's ghost (novice FoFi)
  5562 | D:7      | Killed NoRagrets's ghost
  5585 | D:7      | Reached XP level 10. HP: 31/60 MP: 12/12
  6002 | D:8      | Noticed a two-headed ogre
  6022 | D:8      | Killed a two-headed ogre
  6022 | D:8      | Reached skill level 8 in Axes
  6028 | D:8      | Reached skill level 5 in Dodging
  6055 | D:8      | Reached ** piety under the Shining One
  6149 | D:8      | You fall through a shaft for 3 floors!
  6223 | D:11     | Noticed Grum
  6238 | D:11     | Killed Grum
  6285 | D:11     | Found a frozen archway.
  6295 | IceCv    | Entered an ice cave
  6495 | IceCv    | Noticed an ice statue
  6734 | IceCv    | Killed an ice statue
  7016 | IceCv    | Reached XP level 11. HP: 66/66 MP: 14/14
  7034 | IceCv    | Reached skill level 9 in Axes
  7034 | IceCv    | Reached skill level 5 in Evocations
  7605 | IceCv    | Noticed a death yak
  7605 | IceCv    | Noticed a frost giant
  7643 | IceCv    | Killed a death yak
  7651 | IceCv    | Killed a frost giant
  7707 | IceCv    | Reached skill level 10 in Axes
  7707 | IceCv    | Reached XP level 12. HP: 67/72 MP: 16/16
  7735 | IceCv    | Got a slimy halberd
  7756 | IceCv    | The Shining One protects you from harm!
  7926 | D:10     | Entered Level 10 of the Dungeon
  8064 | D:8      | Found a snail-covered altar of Cheibriados.
  8486 | D:9      | Found a glowing silver altar of Zin.
  8495 | D:9      | Found Yhupont's Magic Scroll Emporium.
  8534 | D:9      | Reached skill level 1 in Invocations
  8579 | D:9      | Identified the +6 halberd "Kurefaef" {holy, Int+3} (You found it in an ice cave)
  8581 | D:9      | Bought a scroll of identify for 26 gold pieces
  8581 | D:9      | Bought a scroll of vulnerability for 97 gold pieces
  8581 | D:9      | Bought a scroll of identify for 26 gold pieces
  8581 | D:9      | Identified a scroll of acquirement
  8584 | D:9      | Got a pair of heavily runed boots
  8590 | D:9      | Identified the +0 pair of boots of Duck's Teeth {rF+ rCorr Int+3} (You acquired it on level 9 of the Dungeon)
  8618 | D:9      | Reached *** piety under the Shining One
  8646 | D:9      | Found a blossoming altar of Fedhas.
  8944 | D:10     | Found a staircase to the Orcish Mines.
  9300 | D:10     | Noticed Psyche
  9309 | D:10     | Killed Psyche
  9463 | D:10     | Found a staircase to the Lair.
  9819 | Orc:1    | Entered Level 1 of the Orcish Mines
 10296 | Orc:2    | Entered Level 2 of the Orcish Mines
 10420 | Orc:2    | Found Osima's Weapon Boutique.
 10770 | Orc:2    | Noticed Dorkslayer's ghost (journeyman GrFi)
 10790 | Orc:2    | Reached **** piety under the Shining One
 10817 | Orc:2    | Killed Dorkslayer's ghost
 10825 | Orc:2    | Killed from afar by an orc priest

Vault maps used:
D:1:      erik_arrival_gehennom, hangedman_decor_clover_reticule, st_stairs_12,
          hangedman_abyss_or_decor_lesser_grid, minmay_small_reverse_x
D:2:      lemuel_doored_altar, amethyst_overflow_temple_binary,
          minmay_tromino_v4_a
D:3:      nicolae_overflow_crystal_walls, uniq_grinder
D:4:      nicolae_overflow_hidden_temple, marbit_many_paths, first_bread
D:5:      minmay_temple_entry_overgrown, serial_shops, kennysheep_mini,
          nicolae_shop_trees, dk_noncrumbling_3
D:6:      uniq_blork_the_orc
D:7:      old_standard_altar
D:8:      lemuel_round_altar
D:9:      zin_statuary, old_standard_altar, serial_shops, shop
D:10:     lair_entry_dummy, orc_0_dummy, uniq_psyche
D:11:     portal_ice_cave_entry_pillars_2, uniq_grum, uniq_sonja
Temple:   nicolae_temple_x_marks_the_god
Orc:2:    grunt_orc_tribal_feast, serial_shops, shop
IceCv:    ice_cave_caverns_03

Skill      XL: |  1  2  3  4  5  6  7  8  9 10 11 12 |
---------------+-------------------------------------+-----
Axes           | 2 3 4 6 7 8 10 | 10.8
Throwing       | 1 2 |  2.4
Dodging        | 1 2 3 4 5 6 |  6.6
Fighting       | 4 5 6 7 8 |  8.4
Shields        | 4 5 6 7 8 9 |  9.2
Evocations     | 2 3 4 5 6 |  6.1
Armour         | 4 5 7 8 9 |  9.1
Invocations    | 3 |  3.5

Action                   |  1- 3 |  4- 6 |  7- 9 | 10-12 || total
-------------------------+-------+-------+-------+-------++-------
Melee: War axe           |   121 |   152 |   323 |   647 ||  1243
Throw: Tomahawk          |       |       |       |    25 ||    25
       Javelin           |       |       |       |     3 ||     3
Invok: Divine Shield     |       |       |       |     1 ||     1
Evoke: Wand              |       |    31 |     6 |    18 ||    55
  Use: Potion            |       |     2 |     3 |    10 ||    15
       Scroll            |       |       |    14 |    11 ||    25
 Stab: Paralysed         |       |     2 |       |       ||     2
  Eat: Chunk             |       |     6 |     4 |    12 ||    22
       Fruit             |       |       |     5 |     2 ||     7
       Royal jelly       |       |       |     2 |     1 ||     3
Armor: Scale mail        |    76 |    53 |    53 |       ||   182
       Plate armour      |       |       |    66 |    11 ||    77
       Chain mail        |       |       |       |   255 ||   255
Dodge: Dodged            |    61 |    87 |   164 |   343 ||   655
Block: Shield            |    88 |    70 |   201 |   434 ||   793

Table legend:
 A = Spawn XP
 B = Non-spawn XP
 C = Spawn XP percentage of total XP
 D = Spawn monster count
 E = Non-spawn monster count
 F = Spawn count percentage of total count
 G = Total turns spent on level
                    A         B        C        D         E        F      G
               +---------+---------+-------+---------+---------+-------+---------
         Total |       0 |   28099 |   0.0 |       0 |     355 |   0.0 | 10825
               +---------+---------+-------+---------+---------+-------+---------
           D:1 |       0 |      88 |   0.0 |       0 |      42 |   0.0 |   906
           D:2 |       0 |     115 |   0.0 |       0 |      24 |   0.0 |  1083
           D:3 |       0 |     355 |   0.0 |       0 |      16 |   0.0 |   837
           D:4 |       0 |     911 |   0.0 |       0 |      29 |   0.0 |   667
           D:5 |       0 |     946 |   0.0 |       0 |      13 |   0.0 |   917
           D:6 |       0 |     386 |   0.0 |       0 |      13 |   0.0 |   806
           D:7 |       0 |    2150 |   0.0 |       0 |      30 |   0.0 |   612
           D:8 |       0 |    1799 |   0.0 |       0 |      29 |   0.0 |   799
           D:9 |       0 |    2201 |   0.0 |       0 |      24 |   0.0 |   483
          D:10 |       0 |    2921 |   0.0 |       0 |      38 |   0.0 |  1168
          D:11 |       0 |    1472 |   0.0 |       0 |      11 |   0.0 |   315
         Orc:1 |       0 |    1622 |   0.0 |       0 |      12 |   0.0 |   511
         Orc:2 |       0 |    2206 |   0.0 |       0 |      32 |   0.0 |   250
         IceCv |       0 |   10927 |   0.0 |       0 |      42 |   0.0 |  1462
               +---------+---------+-------+---------+---------+-------+---------
